 Dungeon Crawl Stone Soup version 0.31-a0-221-gbddc013574 (webtiles) character file.

Game seed: 17790730334814662996

72 pokeman the Magician (level 4, 0/21 (25) HPs)
             Began as a Deep Elf Hedge Wizard on July 4, 2023.
             Slain by an orc
             ... wielding a +1 flail of draining
              (9 damage)
             ... on level 3 of the Dungeon.
             The game lasted 00:03:33 (3018 turns).

pokeman the Magician (Deep Elf Hedge Wizard)        Turns: 3018, Time: 00:03:34

HP:   0/21 (25)     AC:  3    Str:  7    XL:     4   Next: 6%
MP:   1/13          EV: 12    Int: 21    God:
Gold: 123           SH:  0    Dex: 14    Spells: 6/14 levels left

rFire   . . .        a - +0 dagger
rCold   . . .        (no shield)
rNeg    . . .        b - +0 robe
rPois   .            c - +0 hat
rElec   .            (no cloak)
rCorr   .            (no gloves)
SInv    .            p - +0 pair of boots
Will    .....        (no amulet)
Stlth   ++           (no ring)
HPRegen 0.23/turn    (no ring)
MPRegen 0.13/turn

%: no passive effects
@: heavily drained
A: no striking features
a: no special abilities


You were on level 3 of the Dungeon.
You visited 1 branch of the dungeon, and saw 3 of its levels.

You collected 123 gold pieces.

Inventory:

Hand Weapons
 a - a +0 dagger (weapon)
Armour
 b - a +0 robe (worn)
 c - a +0 hat (worn)
 l - a +0 kite shield
 p - a +0 pair of boots (worn)
Scrolls
 e - a scroll of enchant weapon {unknown}
 g - a scroll of enchant armour {unknown}
 h - 2 scrolls of immolation {unknown}
 i - 2 scrolls of teleportation {unknown}
 k - a scroll of noise {unknown}
 n - a scroll of torment {unknown}
 o - 2 scrolls of identify {unknown}
 q - a scroll of poison {unknown}
Potions
 d - a potion of magic
 f - a potion of curing {unknown}
 j - a potion of ambrosia {unknown}
 m - a potion of heal wounds {unknown}


   Skills:
 - Level 1.0 Fighting
 - Level 1.0 Armour
 + Level 2.6 Dodging
 - Level 2.4 Stealth
 + Level 0.2 Shields
 * Level 5.5 Spellcasting
 + Level 2.1 Conjurations
 - Level 1.1 Summonings
 - Level 1.1 Translocations


You had 6 spell levels left.
You knew the following spells:

 Your Spells              Type           Power      Damage    Failure   Level
a - Magic Dart            Conj           56%        1d5       4%          1
b - Mephitic Cloud        Conj/Pois/Air  8%         N/A       22%         3
c - Call Imp              Summ           20%        N/A       10%         2
d - Blink                 Tloc           20%        N/A       10%         2

Your spell library contained the following spells:

 Spells                   Type           Power      Damage    Failure   Level
 Slow                     Hex            20%        N/A       11%         1
 Cigotuvi's Dreadful Rot  Necr/Pois/Air  10%        N/A       16%         2


Dungeon Overview and Level Annotations

Branches:
Dungeon (3/15)

Altars:

Annotations:
D:3 Sigmund


Message History

Aiming: Magic Dart (safe; 4% risk of failure)
Press: ? - help, Shift-Dir - straight line, f/p - orc
Aim: an orc, wielding a +1 flail of draining and wearing a +0 leather armour (100% to hit)
The magic dart hits the orc.
The orc is heavily wounded.
Casting: Magic Dart (safe; 4% risk of failure)
Confirm with . or Enter, or press ? or * to list all spells.
You don't have enough magic to cast this spell.
Unknown command.
Casting: Magic Dart (safe; 4% risk of failure)
Confirm with . or Enter, or press ? or * to list all spells.
You don't have enough magic to cast this spell.
Unknown command.
Casting: Magic Dart (safe; 4% risk of failure)
Confirm with . or Enter, or press ? or * to list all spells.
You don't have enough magic to cast this spell.
Unknown command.
Casting: Magic Dart (safe; 4% risk of failure)
Confirm with . or Enter, or press ? or * to list all spells.
You don't have enough magic to cast this spell.
Unknown command.
You hit the orc but do no damage.
The orc is heavily wounded.
The orc hits you with a +1 flail of draining.
You feel drained.
You hit the orc.
The orc is severely wounded.
The orc hits you with a +1 flail of draining.
You feel drained.
You hit the orc but do no damage.
The orc is severely wounded.
The orc hits you with a +1 flail of draining.
You feel drained.
Your magical contamination has completely faded away.
You hit the orc but do no damage.
The orc is severely wounded.
The orc hits you but does no damage.
You feel drained. The orc attacks as you move away!
The orc hits you with a +1 flail of draining!
You die...

#.........##.#
..).
#....###.<...#
####..)..
#.....###....#
#.)......
....#...#####.###
#.#
..###.........#.#
#.# .
#.......###.# #o#
##..........# #.#
##.....###.###o#
#.##### #.@o..#
#.....# #######
#########.#
#........>#
#.######### #...#
###.# #.# #.#


You could see 2 orcs.

Vanquished Creatures
  An adder (D:2)
  A worm (D:3)
  3 dart slugs
  4 orcs (D:3)
  7 ball pythons
  5 bats
  6 endoplasms
  A giant cockroach (D:2)
  3 goblins (D:1)
  A hobgoblin (D:2)
  3 kobolds (D:1)
  2 quokkas (D:2)
  A frilled lizard (D:3)
  3 rats
41 creatures vanquished.

Vanquished Creatures (collateral kills)
  A worm (D:2)
1 creature vanquished.

Grand Total: 42 creatures vanquished

Notes
Turn   | Place    | Note
-------+----------+-------------------------------------------
     0 | D:1      | pokeman the Deep Elf Hedge Wizard began the quest for the
                  | Orb.
     0 | D:1      | Reached XP level 1. HP: 10/10 MP: 7/7
   289 | D:1      | Reached XP level 2. HP: 16/16 MP: 2/9
   967 | D:1      | Reached skill level 5 in Spellcasting
  1305 | D:2      | Reached XP level 3. HP: 20/20 MP: 8/11
  1309 | D:2      | Learned a level 3 spell: Mephitic Cloud
  1312 | D:2      | Learned a level 2 spell: Call Imp
  1315 | D:2      | Learned a level 2 spell: Blink
  1527 | D:2      | Found a faded altar of an unknown god.
  2041 | D:2      | Reached skill level 1 in Fighting
  2132 | D:2      | Reached skill level 1 in Armour
  2462 | D:3      | Noticed Sigmund
  2997 | D:3      | Reached XP level 4. HP: 25/25 MP: 9/13
  3018 | D:3      | Slain by an orc

Illustrated notes

Levels and vault maps discovered:
D:1:      dpeg_arrival_erosion, layout_loops_ring, roderic_lattice_a
D:2:      layout_loops_corners, serial_bayou, serial_bayou_lagoon_b,
          serial_bayou_pond_b, serial_bayou_shore_a, serial_bayou_shore_b,
          hellmonk_ecumenical_altar_arch_garden, hangedman_decor_riveting,
          chequers_serial_rivers_micro_d, amcnicky_mini_rare_corridor_liquid
D:3:      layout_basic, uniq_sigmund

Skill      XL: |  1  2  3 |
---------------+----------+-----
Spellcasting   | 5 |  5.5
Fighting       | 1 |  1.0
Armour         | 1 |  1.0
Conjurations   | 2 |  2.1
Dodging        | |  2.6
Stealth        | |  2.4
Shields        | |  0.2
Summonings     | |  1.1
Translocations | |  1.1

Action                     |  1- 3 |  4- 6 || total
---------------------------+-------+-------++-------
  Melee: Dagger            |     7 |     4 ||    11
   Cast: Magic Dart        |   104 |     9 ||   113
         Mephitic Cloud    |     3 |       ||     3
         Call Imp          |     2 |       ||     2
   Stab: Confused          |     1 |       ||     1
 Armour: Robe              |     3 |     1 ||     4
  Dodge: Dodged            |    13 |     1 ||    14

Table legend: (Time is in decaauts)
 A = Elapsed time spent in this place.
 B = Non-inter-level travel time spent in this place.
 C = Inter-level travel time spent in this place.
 D = Time resting spent in this place.
 E = Time spent auto-exploring this place.
 F = Levels seen in this place.
 G = Mean time per level.
                   A        B        C        D        E       F      G
               +--------+--------+--------+--------+--------+-----+--------+
         Total |   3058 |   2859 |    199 |      0 |   2567 |   3 | 1019.3 |
       Dungeon |   3058 |   2859 |    199 |      0 |   2567 |   3 | 1019.3 |
               +--------+--------+--------+--------+--------+-----+--------+

Top non-repeatable levels by time:
     D:2: 1507 daAuts
     D:1: 1142 daAuts
     D:3: 409 daAuts
